 Dungeon Crawl Stone Soup version 0.28-a0-32-g8dfe7f97f6 (webtiles) character file.

Game seed: 14416492806021429529

433 wakim the Cudgeller (level 6, -8/56 HPs)
             Began as a Minotaur Berserker on July 27, 2021.
             Was a Believer of Trog.
             Mangled by a small abomination (14 damage)
             ... on level 1 of the Abyss.
             The game lasted 00:07:21 (3525 turns).

wakim the Cudgeller (Minotaur Berserker)            Turns: 3525, Time: 00:07:22

Health: -8/56      AC: 13    Str: 21    XL:     6   Next: 67%
Magic:  5/5        EV:  7    Int:  6    God:    Trog [**....]
Gold:   213        SH:  0    Dex: 10    Spells: 5/5 levels left

rFire   + . .      SeeInvis .   b - +1 flail
rCold   . . .      Faith    .   (no shield)
rNeg    . . .      Spirit   .   m - +1 plate armour {rF+}
rPois   .          Reflect  .   (helmet restricted)
rElec   .          Harm     .   (no cloak)
rCorr   .          Rampage  .   (no gloves)
Will    .....                   (no boots)
Stlth   ..........              (no amulet)
HPRegen 0.18/turn               (no ring)
MPRegen 0.09/turn               (no ring)

@: no status effects
A: horns 2, retaliatory headbutt
a: Renounce Religion, Berserk, Trog's Hand


You were on level 1 of the Abyss.
You worshipped Trog.
Trog was pleased with you.
You visited 2 branches of the dungeon, and saw 5 of its levels.
You visited the Abyss 1 time.

You collected 213 gold pieces.

Inventory:

Hand Weapons
 a - a +0 mace
 b - a +1 flail (weapon)
Missiles
 p - 105 bolts
Armour
 m - a +1 plate armour of fire resistance (worn)
Scrolls
 c - a scroll of fog {unknown}
 f - a scroll of immolation {unknown}
 g - 2 scrolls of teleportation {unknown}
 h - 2 scrolls of amnesia {unknown}
 i - a scroll of fear {unknown}
 j - 2 scrolls of enchant weapon
 l - a scroll of blinking {unknown}
 o - a scroll of vulnerability {unknown}
Potions
 d - a potion of mutation {unknown}
 e - a potion of haste {unknown}
 A - a potion of ambrosia
 G - 2 potions of flight
 J - 2 potions of heal wounds


   Skills:
 + Level 5.0 Fighting
 * Level 6.0 Maces & Flails
 * Level 5.3 Armour
 + Level 3.8 Dodging


You had 5 spell levels left.
You didn't know any spells.
Your spell library was empty.

Dungeon Overview and Level Annotations

Branches:
Dungeon (4/15)             Temple (1/1) D:4

Altars:
Elyvilon
Okawaru
Qazlal
Vehumet
Zin

Shops:
D:3 =

Annotations:
D:4 2 transporters, sn0wgr3's ghost, amateur GrFi


Innate Abilities, Weirdness & Mutations

You have a pair of horns on your head.
You reflexively headbutt those who attack you in melee.


Message History

The small abomination hits you.
You closely miss the small abomination.
The small abomination is almost destroyed.
The raiju barks!
The small abomination hits you!
You sock the small abomination!
You destroy the small abomination!
Trog accepts your kill.
Your skin stops crawling.
You feel less strong-willed.
Your Fighting skill increases to level 5!
Your Maces & Flails skill increases to level 6!
The raiju bursts into living lightning!
The living lightning hits you!
* * * LOW HITPOINT WARNING * * *
The raiju blinks!
A neqoxec comes into view.
A small abomination comes into view.
Okay, then.
You hit the small abomination.
The small abomination is lightly damaged.
The small abomination hits you!
* * * LOW HITPOINT WARNING * * *
Your skin crawls.
You feel strong-willed. The small abomination hits you.
* * * LOW HITPOINT WARNING * * *
You feel the effects of Trog's Hand fading.
The neqoxec gestures at you.
Something tries to feed on your intellect!
A small abomination comes into view.
A wraith comes into view.
The small abomination barely misses you.
You furiously retaliate!
You headbutt the small abomination!
Your skin stops crawling.
You feel less strong-willed. The small abomination hits you!
* * * LOW HITPOINT WARNING * * *
The small abomination hits you!
* * * LOW HITPOINT WARNING * * *
The small abomination hits you but does no damage.
The small abomination hits you!
You die...

# ### ..#.. .# ## #. #
.... .# ..##. .## ...
#.###.#..# # ..#.# #.§
..#...... .# #....#.
#.#.# .....#.. #
#...####.#§##.....# #
#.# #..#...#..#...#..#
..#. .#...#.##x@....# #
.#....3.#.#x##.......
#...##.....3..#..#..#..
###3 ####.#...#......#
.#.#.. ##...## ..#..#..
#..###...#.# .#...## ##
....# #.....#.##...#
#.. .##....# ...##
..#3##..... . §#.


You could see a neqoxec and 2 small abominations.

Vanquished Creatures
  A necrophage (D:4)
  A small abomination (Abyss:1)
  A gnoll shaman (D:4)
  Jessica (D:3)
  2 orc wizards (D:4)
  Robin (D:4)
  7 gnolls
  3 adders
  2 worms (D:2)
  2 orcs (D:4)
  4 bats
  5 endoplasms
  A giant cockroach (D:3)
  13 goblins
  5 hobgoblins
  5 quokkas
  2 ball pythons (D:1)
  2 frilled lizards (D:2)
  5 kobolds
  6 rats
  A spectral kobold (D:1)
70 creatures vanquished.

Vanquished Creatures (others)
  6 plants (D:4)
6 creatures vanquished.

Grand Total: 76 creatures vanquished

Notes
Turn   | Place    | Note
-------+----------+-------------------------------------------
     0 | D:1      | wakim the Minotaur Berserker began the quest for the Orb.
     0 | D:1      | Reached XP level 1. HP: 19/19 MP: 0/0
    76 | D:1      | Found a faded altar of an unknown god.
   279 | D:1      | Reached XP level 2. HP: 23/27 MP: 1/1
   847 | D:1      | Reached skill level 4 in Maces & Flails
  1103 | D:2      | Reached XP level 3. HP: 33/33 MP: 2/2
  1110 | D:2      | Reached ** piety under Trog
  1317 | D:2      | Reached XP level 4. HP: 40/40 MP: 3/3
  1631 | D:2      | Found a glowing silver altar of Zin.
  1723 | D:3      | Found a stormy altar of Qazlal.
  1753 | D:3      | Found a white marble altar of Elyvilon.
  1877 | D:3      | Found Inteoq's Jewellery Shoppe.
  2476 | D:3      | Noticed Jessica
  2484 | D:3      | Killed Jessica
  2650 | D:4      | Reached skill level 5 in Maces & Flails
  2650 | D:4      | Reached XP level 5. HP: 44/47 MP: 4/4
  2694 | D:4      | Found a staircase to the Ecumenical Temple.
  2704 | Temple   | Entered the Ecumenical Temple
  2721 | D:4      | Noticed a necrophage
  2727 | D:4      | Killed a necrophage
  2728 | D:4      | Reached XP level 6. HP: 53/53 MP: 5/5
  2743 | D:4      | Found an iron altar of Okawaru.
  2798 | D:4      | Reached skill level 5 in Armour
  2801 | D:4      | Noticed Robin
  2813 | D:4      | Killed Robin
  3025 | D:4      | Found a transporter.
  3031 | D:4      | Found a transporter.
  3039 | D:4      | Noticed sn0wgr3's ghost (amateur GrFi)
  3079 | D:4      | Identified the ring "Naol" {rPois Int+2 Stlth+}
  3120 | D:4      | Found a radiant altar of Vehumet.
  3445 | D:4      | Cast into level 1 of the Abyss (gnoll sergeant)
  3499 | Abyss:1  | Noticed a raiju
  3502 | Abyss:1  | Reached skill level 5 in Fighting
  3502 | Abyss:1  | Reached skill level 6 in Maces & Flails
  3505 | Abyss:1  | Noticed a neqoxec
  3508 | Abyss:1  | Noticed a small abomination
  3517 | Abyss:1  | Noticed a wraith
  3525 | Abyss:1  | Mangled by a small abomination

Illustrated notes

Levels and vault maps discovered:
D:1:      dpeg_arrival_round_a, layout_loops_ring,
          dreamdust_ecumenical_altar_drowned_temple
D:2:      layout_rooms, basic_altar
D:3:      layout_basic, nicolae_qazlal_scattered_showers, elyvilon_altar_5,
          serial_shops, nicolae_diamond_shop, grunt_decor_mini_mirrors,
          minmay_crystal_room, supply_closet_lemuel, kennysheep_jessica_study
D:4:      layout_loops_ring, amcnicky_altar_gilded, okawaru_metal_pillars_1_2,
          temple_pool_b, gammafunk_ghost_gnarly_gnolls, lightli_minifort,
          uniq_robin
Temple:   nicolae_temple_figure_zero
Abyss:1:  base:
Temple

Skill      XL: |  1  2  3  4  5  6 |
---------------+-------------------+-----
Maces & Flails | 4 5 6 |  6.0
Armour         | 3 4 5 |  5.3
Fighting       | 4 5 |  5.0
Dodging        | 3 |  3.8

Action                   |  1- 3 |  4- 6 || total
-------------------------+-------+-------++-------
Melee: Mace              |    57 |    40 ||    97
       Headbutt          |     8 |    14 ||    22
       Flail             |       |    71 ||    71
Invok: Berserk           |     1 |     1 ||     2
       Trog's Hand       |       |     6 ||     6
  Use: Scroll            |       |     4 ||     4
Armor: Animal skin       |     5 |       ||     5
       Ring mail         |     7 |       ||     7
       Chain mail        |     1 |    19 ||    20
       Plate armour      |       |    44 ||    44
Dodge: Dodged            |    32 |    45 ||    77

Table legend: (Time is in decaauts)
 A = Elapsed time spent in this place.
 B = Non-inter-level travel time spent in this place.
 C = Inter-level travel time spent in this place.
 D = Time resting spent in this place.
 E = Time spent auto-exploring this place.
 F = Levels seen in this place.
 G = Mean time per level.
                   A        B        C        D        E       F      G
               +--------+--------+--------+--------+--------+-----+--------+
         Total |   3576 |   3420 |    156 |    171 |   2640 |   6 |  596.0 |
       Dungeon |   3493 |   3337 |    156 |    171 |   2640 |   4 |  873.2 |
        Temple |      1 |      1 |      0 |      0 |      0 |   1 |    1.0 |
         Abyss |     81 |     81 |      0 |      0 |      0 |   1 |   81.0 |
               +--------+--------+--------+--------+--------+-----+--------+

Top non-repeatable levels by time:
     D:1: 1139 daAuts
     D:3: 911 daAuts
     D:4: 873 daAuts
     D:2: 569 daAuts
 Abyss:1: 81 daAuts
  Temple: 1 daAuts
